 Dungeon Crawl Stone Soup version 0.22-a0-609-gfedc9ff (webtiles) character file.

1143 Hebeh the Magician (level 8, -1/44 HPs)
             Began as a Deep Elf Fire Elementalist on July 10, 2018.
             Killed by divine providence
             ... invoked by an orc priest
              (8 damage)
             ... on level 4 of the Dungeon.
             The game lasted 00:25:52 (4796 turns).

Hebeh the Magician (Deep Elf Fire Elementalist)     Turns: 4796, Time: 00:25:52

Health: -1/44      AC:  3    Str:  5    XL:     8   Next: 15%
Magic:  12/20      EV: 17    Int: 23    God:
Gold:   125        SH:  0    Dex: 15    Spells: 14/20 levels left

rFire    . . .     SeeInvis .   b - +0 hunting sling
rCold    . . .     Gourm    .   (no shield)
rNeg     + . .     Faith    .   f - +1 robe {rN+}
rPois    .         Spirit   .   (no helmet)
rElec    .         Reflect  .   (no cloak)
rCorr    .         Harm     .   (no gloves)
MR       .....                  (no boots)
Stlth    ++........             (no amulet)
HPRegen  0.14/turn              i - +3 ring of evasion (curse)
MPRegen  0.17/turn              (no ring)

@: no status effects
A: no striking features
a: no special abilities


You were on level 4 of the Dungeon.
You were not hungry.

You visited 1 branch of the dungeon, and saw 5 of its levels.

You collected 125 gold pieces.

Inventory:

Hand Weapons
 a - a +1 dagger of venom
 b - a +0 hunting sling (weapon)
 v - a +1 hand axe of electrocution
Missiles
 g - 173 stones (quivered)
 s - 2 tomahawks
Armour
 f - a +1 robe of positive energy (worn)
Jewellery
 i - a cursed +3 ring of evasion (left hand)
Wands
 p - a wand of iceblast (9)
 w - a wand of polymorph (4)
 y - a wand of paralysis (15)
Scrolls
 e - 3 scrolls of enchant weapon {unknown}
 j - 2 scrolls of fear {unknown}
 k - 4 scrolls of remove curse {unknown}
 l - a scroll of noise {unknown}
 o - 5 scrolls of identify {unknown}
 q - a scroll of blinking {unknown}
 t - 2 scrolls of amnesia {unknown}
Potions
 d - a potion of flight {unknown}
 h - 3 potions of agility {unknown}
 m - a potion of invisibility {unknown}
 n - 2 potions of curing {unknown}
 r - a potion of haste {unknown}
 u - a potion of might {unknown}
 z - a potion of berserk rage {unknown}
Comestibles
 c - 17 rations
 x - 2 chunks of flesh


   Skills:
 + Level 1.9 Fighting
 + Level 3.8 Dodging
 - Level 2.4 Stealth
 * Level 6.9 Spellcasting
 * Level 6.3 Conjurations
 * Level 6.2 Fire Magic


You had 14 spell levels left.
You knew the following spells:

 Your Spells              Type           Power        Failure   Level  Hunger
a - Flame Tongue          Conj/Fire      #####        1%          1    None
b - Throw Flame           Conj/Fire      #####.       1%          2    None
c - Conjure Flame         Conj/Fire      #####...     1%          3    None

Your spell library contained the following spells:

 Spells                   Type           Power        Failure   Level  Hunger
 Fireball                 Conj/Fire      #####.....   16%         5    #####..
 Sticky Flame             Conj/Fire      #####...     6%          4    ###....
 Inner Flame              Hex/Fire       ###.....     6%          3    None


Dungeon Overview and Level Annotations

Branches:
Dungeon (5/15)
 Temple: D:4-7

Altars:
Dithmenos
Fedhas
Makhleb
Nemelex Xobeh
Sif Muna
Trog
Xom
Zin

Shops:
D:4 (


Message History

The orc shouts!
The orc priest shouts!
The orc throws a poisoned tomahawk.
The poisoned tomahawk barely misses you.
The orc throws a poisoned tomahawk.
The poisoned tomahawk barely misses you.
The orc priest looks braver for a moment.
You see here a poisoned tomahawk.
The orc priest looks satisfied for a moment.
The orc warrior hits you from afar with a trident!
The orc priest mumbles some strange prayers to Beogh against you.
Beogh smites you!
The orc throws a poisoned tomahawk.
The poisoned tomahawk misses you.
The orc priest mumbles some strange prayers to Beogh against you.
Beogh smites you!
* * * LOW HITPOINT WARNING * * *
The orc priest looks braver for a moment.
The orc warrior barely misses you.
The orc priest invokes the aid of Beogh against you.
Beogh smites you!
You die...

.##.....#..# #.# #.....#
.##.##.....# #.# #....(#
.##.##.###.# #.# ##.o(## <#
........# ### ##o## ##
##......# #.# #...###.### ####
#.## .... ##...# #..# #..## ##
....##.[..###..###########.(.#
.+
......._.....@..o.o.oo........
##
.###....##)...########......#
# #...###....# #.....## #
###.###..#.## #...### #
#......#..# ##.## # ###
#......##.# #.# #
#.###.#######.# #.# #
#.#.....# #.# #.#
######.#.###.# #.# #####.#####


You could see an orc warrior, an orc priest and an orc.

Vanquished Creatures
  Sigmund (D:2)
  Eustachio (D:4)
  Menkaure (D:4)
  2 centaurs
  2 ogres (D:4)
  A crimson imp (D:5)
  2 orc wizards (D:4)
  4 worker ants
  9 adders
  A howler monkey skeleton (D:4)
  An ooze (D:3)
  2 worms (D:2)
  A dart slug (D:1)
  A leopard gecko (D:2)
  19 orcs
  5 giant cockroaches
  6 goblins
  9 hobgoblins
  8 jackals
  2 quokkas
  2 ball pythons
  9 bats
  6 frilled lizards
  13 kobolds
  6 rats
114 creatures vanquished.

Notes
Turn   | Place    | Note
-------+----------+-------------------------------------------
     0 | D:1      | Hebeh the Deep Elf Fire Elementalist began the quest for the Orb.
     0 | D:1      | Reached XP level 1. HP: 10/10 MP: 6/6
     2 | D:1      | Noticed a centaur
     2 | D:1      | Noticed a tengu
     4 | D:1      | Noticed a minotaur
     4 | D:1      | Noticed a draconian
     6 | D:1      | Noticed a vampire
     8 | D:1      | Noticed a naga
     8 | D:1      | Noticed a troll
    10 | D:1      | Noticed an elf
    10 | D:1      | Noticed a gargoyle
    14 | D:1      | Noticed an octopode
    14 | D:1      | Noticed a human
    16 | D:1      | Noticed a demigod
    16 | D:1      | Noticed a merfolk
    18 | D:1      | Noticed a formicid
    20 | D:1      | Noticed an ogre
    20 | D:1      | Noticed a spriggan
    22 | D:1      | Noticed a demonspawn
    22 | D:1      | Noticed a vine stalker
    24 | D:1      | Noticed a felid
    24 | D:1      | Noticed a ghoul
    26 | D:1      | Noticed a halfling
    26 | D:1      | Noticed a dwarf
   187 | D:1      | Reached XP level 2. HP: 15/15 MP: 4/8
   824 | D:1      | Reached XP level 3. HP: 19/19 MP: 10/10
  1031 | D:2      | Noticed Sigmund
  1053 | D:2      | Killed Sigmund
  1053 | D:2      | Reached XP level 4. HP: 7/24 MP: 4/12
  1053 | D:2      | Reached XP level 5. HP: 8/28 MP: 4/13
  1291 | D:2      | Found a shadowy altar of Dithmenos.
  1745 | D:2      | Learned a level 2 spell: Throw Flame
  1749 | D:2      | Learned a level 3 spell: Conjure Flame
  1820 | D:2      | Found a bloodstained altar of Trog.
  2098 | D:3      | Reached XP level 6. HP: 32/32 MP: 9/15
  2171 | D:3      | Found a glowing silver altar of Zin.
  2262 | D:3      | Reached skill level 5 in Spellcasting
  2344 | D:3      | Found a sparkling altar of Nemelex Xobeh.
  2425 | D:3      | Found a shimmering altar of Xom.
  3019 | D:4      | Found a deep blue altar of Sif Muna.
  3041 | D:4      | Noticed Menkaure
  3049 | D:4      | Killed Menkaure
  3049 | D:4      | Reached skill level 5 in Conjurations
  3049 | D:4      | Reached skill level 5 in Fire Magic
  3185 | D:4      | Reached skill level 1 in Fighting
  3305 | D:4      | Reached XP level 7. HP: 38/38 MP: 10/17
  4024 | D:4      | Found a burning altar of Makhleb.
  4090 | D:4      | Found Adytunud's Antique Weapon Shoppe.
  4119 | D:4      | You fall through a shaft!
  4119 | D:5      | Entered Level 5 of the Dungeon
  4145 | D:5      | Found a blossoming altar of Fedhas.
  4361 | D:4      | Noticed Eustachio
  4480 | D:4      | Killed Eustachio
  4480 | D:4      | Reached XP level 8. HP: 36/44 MP: 9/20
  4796 | D:4      | Killed from afar by an orc priest

Vault maps used:
D:1:      kb_arrival_jail, hangedman_decor_points
D:2:      lemuel_round_altar, marbit_many_paths, uniq_sigmund
D:3:      tgw_xom, lemuel_doored_altar, first_ration, supply_closet_lemuel,
          nemelex_dance_club_becter
D:4:      nicolae_overflow_crystal_walls, led_sif_pool, serial_shops, shop,
          abandoned_shop, hangedman_abyss_or_decor_passed, st_stairs_5,
          uniq_menkaure, uniq_eustachio
D:5:      fedhas_bush_and_centaur_altar, minmay_temple_entry_junction,
          serial_shops, nicolae_shop_behind_doors

Skill      XL: |  1  2  3  4  5  6  7 |
---------------+----------------------+-----
Conjurations   | 2 4 5 6 |  6.3
Spellcasting   | 4 5 6 |  6.9
Fire Magic     | 4 5 6 |  6.2
Fighting       | 1 |  1.9
Dodging        | 3 |  3.8
Stealth        | |  2.4

Action                   |  1- 3 |  4- 6 |  7- 9 || total
-------------------------+-------+-------+-------++-------
Melee: Dagger            |       |       |    35 ||    35
 Fire: Hunting sling     |    32 |    53 |     9 ||    94
 Cast: Flame Tongue      |    40 |    75 |    46 ||   161
       Throw Flame       |       |    14 |    26 ||    40
       Conjure Flame     |       |       |     2 ||     2
  Eat: Chunk             |       |     7 |     5 ||    12
Armor: Robe              |     4 |     2 |     6 ||    12
Dodge: Dodged            |    12 |    16 |    55 ||    83

Table legend:
 A = Spawn XP
 B = Non-spawn XP
 C = Spawn XP percentage of total XP
 D = Spawn monster count
 E = Non-spawn monster count
 F = Spawn count percentage of total count
 G = Total turns spent on level
                    A         B        C        D         E        F      G
               +---------+---------+-------+---------+---------+-------+---------
         Total |       0 |    1634 |   0.0 |       0 |     114 |   0.0 |  4796
               +---------+---------+-------+---------+---------+-------+---------
           D:1 |       0 |      43 |   0.0 |       0 |      26 |   0.0 |   993
           D:2 |       0 |     324 |   0.0 |       0 |      28 |   0.0 |  1020
           D:3 |       0 |     139 |   0.0 |       0 |      27 |   0.0 |   986
           D:4 |       0 |     963 |   0.0 |       0 |      30 |   0.0 |  1595
           D:5 |       0 |     165 |   0.0 |       0 |       3 |   0.0 |   202
               +---------+---------+-------+---------+---------+-------+---------
